 Dungeon Crawl Stone Soup version 0.23.1 (webtiles) character file.

Game seed: 11958838870574856796

11585 misha the Bludgeoner (level 11, -5/159 HPs)
             Began as a Minotaur Berserker on Mar 9, 2019.
             Was a High Priest of Trog.
             Slain by a skeletal warrior
             ... wielding a +0 trident
             ... led by a death knight
              (17 damage)
             ... on level 11 of the Dungeon.
             The game lasted 00:43:26 (11597 turns).

misha the Bludgeoner (Minotaur Berserker)          Turns: 11597, Time: 00:43:29

Health: -5/159     AC: 25    Str: 26    XL:     11   Next: 51%
Magic:  10/10      EV:  2    Int:  4    God:    Trog [*****.]
Gold:   268        SH:  3    Dex:  9    Spells: 10/10 levels left

rFire    . . .     SeeInvis .   J - +7 great mace (distort)
rCold    . . .     Gourm    .   (shield currently unavailable)
rNeg     + + +     Faith    .   (armour currently unavailable)
rPois    +         Spirit   .   (helmet currently unavailable)
rElec    .         Reflect  +   (cloak currently unavailable)
rCorr    .         Harm     .   (gloves currently unavailable)
MR       .....     NoTele   +   (boots currently unavailable)
Stlth    +.........             C - +3 amulet of reflection
HPRegen  0.36/turn              x - ring of positive energy
MPRegen  0.12/turn              (no ring)

@: tree-form, berserk cooldown, starving, slowed, very slow
A: (retaliatory headbutt)
a: Berserk, Trog's Hand, Brothers in Arms, Renounce Religion


You were on level 11 of the Dungeon.
You worshipped Trog.
Trog was extremely pleased with you.
You were starving.
You were a tree.
You visited 1 branch of the dungeon, and saw 11 of its levels.
You also visited: Sewer and Bailey.

You collected 456 gold pieces.
You spent 188 gold pieces at shops.

Inventory:

Hand Weapons
 J - a +7 great mace of distortion (weapon)
 M - a +2 dire flail of venom
 U - a +0 battleaxe
Missiles
 d - 2 throwing nets (quivered)
 h - 84 sling bullets
 l - 310 stones
 n - 53 poisoned needles
 N - 17 tomahawks
 R - 72 tomahawks of returning
Armour
 s - a +3 chain mail of positive energy (melded)
 t - a scarf of cloud immunity (melded)
 H - a +0 pair of gloves (melded)
 O - a +0 shield
 P - a +2 chain mail of poison resistance
 X - a +1 pair of boots (melded)
Jewellery
 j - a +3 ring of intelligence
 k - an uncursed ring of flight
 x - a ring of positive energy (left branch)
 C - a +3 amulet of reflection (around neck)
 D - an uncursed ring of see invisible
 K - an uncursed ring of ice
Wands
 u - a wand of random effects (16)
 w - a wand of iceblast (12)
 y - a wand of flame (12)
 B - a wand of polymorph (5)
 Q - a wand of disintegration (11)
 Z - a wand of clouds (2)
Scrolls
 a - a scroll of silence
 e - a scroll of fog
 f - a scroll of enchant armour
 o - 2 scrolls of teleportation
 F - 3 scrolls of remove curse
 T - a scroll of enchant weapon
Potions
 b - 3 potions of brilliance
 g - a potion of flight
 i - 8 potions of magic
 p - 3 potions of might
 q - a potion of cancellation
 r - a potion of experience
 v - 3 potions of degeneration
 z - 9 potions of curing
 E - 2 potions of haste
 G - 2 potions of invisibility
 L - 3 potions of heal wounds
 S - 3 potions of mutation
 V - a potion of agility
 W - a potion of resistance
Miscellaneous
 m - a fan of gales
 Y - a sack of spiders
Comestibles
 c - 18 rations


   Skills:
 + Level 12.8 Fighting
 * Level 17.0 Maces & Flails
 - Level 2.5 Armour
 - Level 2.2 Dodging


You had 10 spell levels left.
You didn't know any spells.
Your spell library was empty.

Dungeon Overview and Level Annotations

Branches:
Dungeon (11/15)            Temple (0/1) D:6            Lair (0/6) D:10
    Orc (0/2) D:10

Altars:
Okawaru
Xom

Shops:
D:4 =   D:6 (

Annotations:
D:11 Sonja
Abyss:1 Fannar


Innate Abilities, Weirdness & Mutations

((You reflexively headbutt those who attack you in melee.))
((You have a pair of horns on your head.))


Message History

[Y]es or [N]o only, please.
Really quaff the potion of lignification? [Y]es or [N]o only, please.
Really quaff the potion of lignification? [Y]es or [N]o only, please.
Really quaff the potion of lignification?
You turn into a tree.
Your scarf of cloud immunity melds into your body.
Your +0 pair of gloves melds into your body.
Your +1 pair of boots melds into your body.
Your +3 chain mail of positive energy melds into your body.
You feel vulnerable to the effects of clouds.
You feel less protected from negative energy.
Your roots penetrate the ground.
The death knight hits you with a +0 morningstar.
* * * LOW HITPOINT WARNING * * *
The wraith hits you.
* * * LOW HITPOINT WARNING * * *
The skeletal warrior hits you from afar with a +0 trident!
You die...

............#
.......)†...#
.......Wz...#
......z..(W.#
##########(^#
#.(# #Wz#
#pW# #♣.#
#..# #..#
#..# #..#
.>.# ...#
#..#


You could see a death knight, a skeletal warrior, a phantom and 2 wraiths.

Vanquished Creatures
  A two-headed ogre (D:10)
  An orc knight (Bailey)
  3 trolls (D:10)
  Prince Ribbit (D:5)
  A hippogriff (D:8)
  10 yaks
  Edmund (D:4)
  An acid dragon (D:7)
  A water moccasin (D:6)
  Duvessa (D:6)
  6 orc warriors
  2 ice beasts
  2 sky beasts
  4 phantoms
  5 ogres
  3 centaurs
  A crocodile (D:9)
  4 big kobolds
  2 bullfrogs
  4 gnoll sergeants
  2 wyvern zombies
  Dowan (D:6)
  3 scorpions
  A wyvern skeleton (D:3)
  13 killer bees
  4 wights (D:9)
  9 howler monkeys
  A bullfrog zombie (D:5)
  2 crimson imps
  2 centaur zombies
  4 jellies
  A quasit (D:6)
  6 hounds
  4 orc priests
  3 bullfrog skeletons
  A centaur skeleton (D:10)
  3 iguanas
  8 orc wizards
  9 worker ants
  A hound skeleton (D:5)
  22 gnolls
  11 adders
  A shadow imp (D:10)
  2 adder skeletons
  An adder zombie (D:5)
  A worm (D:6)
  A dart slug (D:2)
  7 leopard geckos
  30 orcs
  7 ball pythons
  11 giant cockroaches
  6 goblins
  16 hobgoblins
  11 jackals
  3 quokkas
  6 bats
  10 frilled lizards
  A jackal skeleton (D:5)
  25 kobolds
  A quokka skeleton (D:6)
  6 rats
  2 plants (Sewer)
313 creatures vanquished.

Vanquished Creatures (collateral kills)
  5 yaks (D:10)
  3 orcs (D:10)
8 creatures vanquished.

Vanquished Creatures (others)
  A tengu warrior (D:10)
  An ogre (D:10)
  A bullfrog skeleton (D:9)
  A worker ant (D:10)
  A plant (D:10)
5 creatures vanquished.

Grand Total: 326 creatures vanquished

Notes
Turn   | Place    | Note
-------+----------+-------------------------------------------
     0 | D:1      | misha the Minotaur Berserker began the quest for the Orb.
     0 | D:1      | Reached XP level 1. HP: 19/19 MP: 0/0
   348 | D:1      | Reached skill level 4 in Maces & Flails
   377 | D:1      | Reached XP level 2. HP: 27/27 MP: 1/1
  1216 | D:2      | Reached XP level 3. HP: 33/33 MP: 2/2
  1221 | D:2      | Reached ** piety under Trog
  1553 | D:3      | Reached skill level 5 in Maces & Flails
  1586 | D:3      | Reached XP level 4. HP: 20/41 MP: 3/3
  1892 | D:3      | Reached XP level 5. HP: 32/47 MP: 4/4
  1893 | D:3      | Reached skill level 6 in Maces & Flails
  2175 | D:3      | Reached skill level 5 in Fighting
  2183 | D:3      | Found an iron altar of Okawaru.
  2677 | D:4      | Noticed a phantom
  2700 | D:4      | Killed a phantom
  2700 | D:4      | Reached XP level 6. HP: 44/56 MP: 5/5
  2814 | D:4      | Reached skill level 7 in Maces & Flails
  3124 | D:4      | Reached skill level 8 in Maces & Flails
  3284 | D:4      | Noticed Edmund
  3293 | D:4      | Killed Edmund
  3293 | D:4      | Reached XP level 7. HP: 64/64 MP: 6/6
  3499 | D:4      | Found Guys's Jewellery Emporium.
  3506 | D:4      | Bought a +3 amulet of reflection for 188 gold pieces
  3813 | D:5      | Entered Level 5 of the Dungeon
  4032 | D:5      | Reached skill level 9 in Maces & Flails
  4163 | D:5      | Reached XP level 8. HP: 71/73 MP: 7/7
  4259 | D:5      | Reached *** piety under Trog
  4324 | D:5      | Noticed Prince Ribbit
  4334 | D:5      | Reached skill level 10 in Maces & Flails
  4338 | D:5      | Killed Prince Ribbit
  4619 | D:6      | Reached skill level 11 in Maces & Flails
  5004 | D:6      | Found a staircase to the Ecumenical Temple.
  5020 | D:6      | Found Yjoacwina's Antique Weapon Emporium.
  5033 | D:6      | Noticed Duvessa
  5037 | D:6      | Noticed Dowan
  5047 | D:6      | Killed Duvessa
  5047 | D:6      | Reached XP level 9. HP: 82/82 MP: 8/8
  5052 | D:6      | Found a glowing drain.
  5055 | D:6      | Killed Dowan
  5055 | D:6      | Reached skill level 12 in Maces & Flails
  5074 | Sewer    | Entered a sewer
  5270 | Sewer    | Reached **** piety under Trog
  6073 | D:6      | Found a shimmering altar of Xom.
  6074 | D:6      | Found a shimmering altar of Xom.
  6075 | D:6      | Found a shimmering altar of Xom.
  6075 | D:6      | Found a shimmering altar of Xom.
  6726 | D:7      | Reached skill level 13 in Maces & Flails
  6875 | D:7      | Reached skill level 10 in Fighting
  7191 | D:8      | Found a flagged portal.
  7210 | Bailey   | Entered a bailey
  7440 | Bailey   | Noticed an orc knight
  7466 | Bailey   | Reached ***** piety under Trog
  7813 | Bailey   | Killed an orc knight
  7813 | Bailey   | Reached skill level 14 in Maces & Flails
  7813 | Bailey   | Reached XP level 10. HP: 94/94 MP: 9/9
  8165 | D:8      | Received a gift from Trog
  8248 | D:8      | Found an iron altar of Okawaru.
  8731 | D:8      | Identified a scroll of acquirement
  9321 | D:9      | Reached skill level 15 in Maces & Flails
  9687 | D:10     | Entered Level 10 of the Dungeon
  9695 | D:10     | Found a staircase to the Lair.
  9811 | D:10     | Noticed a two-headed ogre
  9823 | D:10     | Killed a two-headed ogre
  9825 | D:10     | Reached XP level 11. HP: 104/104 MP: 10/10
  9861 | D:10     | Reached skill level 16 in Maces & Flails
  9963 | D:10     | Noticed Fannar
 10282 | D:10     | Noticed a tengu warrior
 10299 | D:10     | Banished a tengu warrior
 10631 | D:10     | Banished Fannar
 11384 | D:10     | Found a staircase to the Orcish Mines.
 11511 | D:11     | Noticed Sonja
 11582 | D:11     | Noticed a death knight
 11583 | D:11     | Reached skill level 17 in Maces & Flails
 11586 | D:11     | Noticed a skeletal warrior
 11597 | D:11     | Slain by a skeletal warrior

Skill      XL: |  1  2  3  4  5  6  7  8  9 10 11 |
---------------+----------------------------------+-----
Maces & Flails | 4 5 6 8 9 11 14 15 17 | 17.0
Fighting       | 4 5 6 7 8 10 12 | 12.8
Armour         | |  2.5
Dodging        | |  2.2

Action                   |  1- 3 |  4- 6 |  7- 9 | 10-12 || total
-------------------------+-------+-------+-------+-------++-------
Melee: Mace              |    63 |   103 |    79 |       ||   245
       Headbutt          |     6 |    15 |    84 |    29 ||   134
       Whip              |       |       |   381 |    40 ||   421
       Great mace        |       |       |       |   161 ||   161
Invok: Berserk           |     1 |     2 |     9 |     7 ||    19
       Brothers in Arms  |       |       |       |     1 ||     1
  Use: Scroll            |       |     3 |    21 |    14 ||    38
       Potion            |       |       |     1 |     2 ||     3
  Eat: Chunk             |     1 |     4 |     8 |    10 ||    23
       Ration            |       |     1 |     5 |     2 ||     8
Armor: Animal skin       |     4 |       |       |       ||     4
       Ring mail         |    14 |    20 |       |       ||    34
       Chain mail        |       |    25 |   181 |    84 ||   290
Dodge: Dodged            |    47 |    42 |   175 |   102 ||   366
Block: Other             |       |       |    45 |    20 ||    65
       Reflection        |       |       |     6 |       ||     6
